 Dungeon Crawl Stone Soup version 0.14.0-24-gfb45beb (webtiles) character file.

11527 tizzy the Severer (level 11, 60/60 HPs)
             Began as a Gargoyle Fighter on Apr 23, 2014.
             Was an Elder of Okawaru.
             Quit the game in a labyrinth.
             The game lasted 00:46:56 (17105 turns).

tizzy the Severer (Gargoyle Fighter)               Turns: 17105, Time: 00:46:56

HP  60/60        AC 20     Str 23      XL: 11   Next: 74%
MP  11/11        EV  7     Int 12      God: Okawaru [****..]
Gold 322         SH 10     Dex  9      Spells:  0 memorised, 10 levels left

rFire  . . .     SeeInvis .     P - +2,+1 hand axe (vamp)
rCold  . . .     Clarity  .     y - +0 chain mail
rNeg   + . .     Conserve .     s - +2 buckler {rPois} (curse)
rPois  +         rCorr    .     q - +1 hat {Int+3}
rElec  +         rRot     +     R - +0 cloak {MR+}
SustAb . .       Spirit   .     (no gloves)
rMut   .         Warding  .     v - +1 pair of boots
Gourm  +         Stasis   .     E - amulet of the gourmand
MR     ++...                    F - ring of protection from magic {unknown}
                                j - ring of sustenance

@: very resistant to hostile enchantments, extremely unstealthy
A: life protection 1, electricity resistance, unbreathing, petrification
resistance, AC +7
a: Heroism, Renounce Religion


You were in a labyrinth.
You worshipped Okawaru.
Okawaru was greatly pleased with you.
You were not hungry.

You visited 2 branches of the dungeon, and saw 12 of its levels.
You also visited: Labyrinth and Sewer.

You collected 647 gold pieces.
You spent 325 gold pieces at shops.

Inventory:

Hand weapons
 a - a +4,+1 scimitar of flaming
 B - a +1,+1 hand axe of freezing
 M - a +1 blowgun
 P - a +2,+1 vampiric hand axe (weapon)
 T - a +1,+1 broad axe
Missiles
 b - 5 needles of confusion
 l - 2 needles of frenzy
 o - 46 poisoned needles
 u - a throwing net
 G - 7 curare-tipped needles
 W - 6 tomahawks
 X - 2 javelins (quivered)
Armour
 c - a +1 shield
 h - a +2 shield of protection
 q - a +1 hat of intelligence (worn)
 s - a cursed +2 buckler of poison resistance (worn)
 v - a +1 pair of boots (worn)
 y - a +0 chain mail (worn)
 R - a +0 cloak of magic resistance (worn)
Magical devices
 g - a wand of digging (10) {unknown}
 n - a wand of confusion (0)
 z - a wand of confusion (15)
 A - a wand of polymorph (0)
 N - a wand of fire (0)
 O - a wand of polymorph (3)
Comestibles
 d - 7 bread rations
 p - 2 chokos
 w - 5 meat rations
 x - 2 beef jerkies
Scrolls
 t - 4 scrolls of teleportation
 C - 5 scrolls of remove curse
 Y - a scroll of enchant weapon I
Jewellery
 f - an uncursed ring of sustenance
 j - a ring of sustenance (left hand)
 E - an amulet of the gourmand (around neck)
 F - a ring of protection from magic (right hand) {unknown}
 U - a +3 ring of dexterity
Potions
 i - 4 potions of curing
 k - 2 potions of flight
 H - a potion of brilliance
 K - a potion of resistance
Rods
 e - a +2 rod of shadows (11/11)
   (You found it in a labyrinth)


   Skills:
 - Level 3.2 Fighting
 * Level 15.8 Axes
 - Level 3.2 Armour
 - Level 3.2 Shields


You had 10 spell levels left.
You didn't know any spells.

Dungeon Overview and Level Annotations

Branches:
Dungeon (11/15)            Temple (1/1) D:6             Orc (0/4) D:10
   Lair (0/8) D:9

Altars:
Ashenzari
Cheibriados
Dithmenos
Elyvilon
Fedhas
Kikubaaqudgha
Makhleb
Nemelex Xobeh
Okawaru
Sif Muna
Trog
Vehumet
Xom
Yredelemnul
Zin
The Shining One

Shops:
D:7 (   D:8 [


Innate Abilities, Weirdness & Mutations

You are resistant to torment.
You are immune to poison.
You are immune to rotting.
Your stone body is very resilient (AC +7).
You resist negative energy.
You are resistant to electric shocks.
You can survive without breathing.
You are immune to petrification.


Message History

m - 3 chunks of minotaur flesh You see here a ring mail.
Your magical contamination has completely faded away.
Your rod of shadows has recharged.
You feel a sudden draft!
You see here a ring mail.
You see here a ring mail.
Ugh!
There is something really disgusting in your inventory. (slot m)
You hear an odd grinding sound!
You see here a scimitar.
You see here a scimitar.
All of the chunks of flesh in your inventory have completely rotted away.
You see here a ring mail.
You see here a ring mail.
The floor suddenly vibrates beneath you!
Read which item? (? for menu, Esc to quit)
As you read the scroll of teleportation, it crumbles to dust.
You feel strangely unstable.
Your surroundings suddenly seem different.
Are you sure you want to abandon this character and quit the game? (Confirm with "yes".)

#.######## .
#. .. . . ###
#.### ### ..#
#.#..
#######.# #
### ##
#.....#.#
......#
#.###.#@###
##### # #
#.....#...#..
.
#######.###.##
#### #.....#
##▓▓#.#
#.......
.▓.▓.#.# # #.
.▓.#.# #
.#.#.#


There were no monsters in sight!

Vanquished Creatures
  Gastronok (D:8)
  Erica (D:10)
  2 unseen horrors (Lab)
  Joseph (D:8)
  A hill giant (D:10)
  Maurice (D:8)
  4 wandering mushrooms (Lab)
  3 trolls
  A griffon skeleton (D:10)
  A hippogriff (D:8)
  A golden eye (D:7)
  2 yaks (Lab)
  2 water moccasins
  Edmund (D:8)
  2 ice beasts
  A sky beast (D:8)
  4 slaves (D:7)
  2 orc warriors
  The ghost of shobalk the Skirmisher, an average MiFi of Okawaru (D:4)
  6 ogres
  4 phantoms
  The ghost of Golfball the Insei, an average DrTm of Okawaru (D:3)
  4 centaurs
  Sigmund (D:3)
  4 big kobolds
  5 giant frogs
  Blork the orc (D:8)
  A gnoll sergeant (D:7)
  An eye of draining (D:8)
  A scorpion (D:6)
  A jelly (D:9)
  6 wights
  A centaur zombie (D:8)
  Dowan (D:7)
  3 goliath beetles
  4 hounds
  A centaur skeleton (D:11)
  A big fish (Sewer)
  6 orc priests
  11 orc wizards
  6 iguanas
  6 worker ants
  A sky beast zombie (D:5)
  A hound zombie (D:7)
  A mummy (D:9)
  A worker ant zombie (D:7)
  13 gnolls
  10 adders
  A green rat (Sewer)
  2 giant mites
  An inept feature mimic (D:2)
  6 worms
  A shadow imp (D:10)
  4 giant eyeballs
  6 giant geckos
  An ooze (D:7)
  41 orcs
  9 giant cockroaches
  16 goblins
  17 hobgoblins
  8 jackals
  26 kobolds
  7 quokkas
  4 ball pythons
  6 bats
  A giant gecko skeleton (D:4)
  5 giant newts
  2 giant spores
  2 hobgoblin zombies
  17 rats
  13 ballistomycetes
  3 plants (Lab)
334 creatures vanquished.

Vanquished Creatures (others)
  A minotaur (Lab)
  A killer bee (Lab)
  An orc wizard (D:10)
  3 giant spores
6 creatures vanquished.

Grand Total: 340 creatures vanquished

Notes
Turn   | Place    | Note
--------------------------------------------------------------
     0 | D:1      | tizzy, the Gargoyle Fighter, began the quest for the Orb.
     0 | D:1      | Reached XP level 1. HP: 14/14 MP: 1/1
   218 | D:1      | Reached XP level 2. HP: 12/19 MP: 2/2
   774 | D:1      | Reached XP level 3. HP: 23/23 MP: 3/3
  1523 | D:2      | Found a glowing golden altar of the Shining One.
  1781 | D:2      | Reached XP level 4. HP: 23/28 MP: 4/4
  1894 | D:2      | Reached skill level 4 in Axes
  2089 | D:3      | Noticed Sigmund
  2544 | D:3      | Noticed Golfball's ghost (average DrTm)
  2592 | D:3      | Killed Golfball's ghost
  2592 | D:3      | Reached skill level 5 in Axes
  2592 | D:3      | Reached XP level 5. HP: 24/32 MP: 5/5
  2643 | D:3      | Killed Sigmund
  2643 | D:3      | Reached XP level 6. HP: 33/37 MP: 6/6
  3228 | D:4      | Found a radiant altar of Vehumet.
  3228 | D:4      | Found a shadowy altar of Dithmenos.
  3422 | D:4      | Noticed shobalk's ghost (average MiFi)
  3630 | D:4      | Killed shobalk's ghost
  3630 | D:4      | Reached skill level 6 in Axes
  3850 | D:4      | Reached XP level 7. HP: 23/41 MP: 7/7
  4345 | D:4      | Found a bloodstained altar of Trog.
  4395 | D:5      | Entered Level 5 of the Dungeon
  4409 | D:5      | Reached skill level 7 in Axes
  5238 | D:5      | Reached skill level 8 in Axes
  5267 | D:5      | Reached XP level 8. HP: 35/46 MP: 8/8
  5786 | D:6      | Reached skill level 9 in Axes
  6046 | D:6      | Found a white marble altar of Elyvilon.
  6208 | D:6      | Paralysed by a giant eyeball for 2 turns
  6233 | D:6      | Found a shattered altar of Ashenzari.
  6246 | D:6      | Reached skill level 10 in Axes
  6326 | D:6      | Reached XP level 9. HP: 36/51 MP: 9/9
  6449 | D:6      | Found a glowing drain.
  6453 | Sewer    | Entered a sewer
  6645 | Sewer    | Found a white marble altar of Elyvilon.
  6903 | D:6      | Reached skill level 11 in Axes
  7102 | D:6      | Found a staircase to the Ecumenical Temple.
  7128 | Temple   | Entered the Ecumenical Temple
  7220 | Temple   | Became a worshipper of Warmaster Okawaru
  7429 | D:7      | Found Muinudooru's Weapon Emporium.
  7430 | D:7      | Noticed Duvessa
  7430 | D:7      | Noticed Dowan
  7458 | D:7      | Noticed Duvessa
  7458 | D:7      | Duvessa changed into Duvessa the centaur
  7472 | D:7      | Killed Dowan
  7478 | D:7      | Killed Duvessa the centaur
  7546 | D:7      | Bought a +0,+0 broad axe for 48 gold pieces
  7772 | D:7      | Noticed Pikel
  7978 | D:7      | Found a blossoming altar of Fedhas.
  7988 | D:7      | Found a glowing silver altar of Zin.
  7988 | D:7      | Noticed an angel
  8011 | D:7      | Found a shimmering altar of Xom.
  8326 | D:7      | Paralysed by a giant eyeball for 3 turns
  8332 | D:7      | Paralysed by a giant eyeball for 2 turns
  9139 | D:7      | Noticed Pikel
  9139 | D:7      | Pikel changed into Pikel the golden eye
  9202 | D:7      | Killed Pikel the golden eye
  9383 | D:8      | Reached skill level 12 in Axes
  9448 | D:8      | Noticed Edmund
  9467 | D:8      | Killed Edmund
  9467 | D:8      | Acquired Okawaru's first power
  9572 | D:8      | Reached XP level 10. HP: 30/56 MP: 7/10
  9649 | D:8      | Noticed Joseph
  9652 | D:8      | Noticed Gastronok
  9895 | D:8      | Found Mnais' Armour Shoppe.
  9910 | D:8      | Bought a +2 buckler of poison resistance for 277 gold pieces
 10134 | D:8      | Noticed Maurice
 10140 | D:8      | Killed Gastronok
 10140 | D:8      | Reached skill level 13 in Axes
 10653 | D:8      | Killed Joseph
 10908 | D:8      | Killed Maurice
 11180 | D:8      | Reached skill level 14 in Axes
 11280 | D:8      | Noticed Blork the orc
 11302 | D:8      | Killed Blork the orc
 11971 | D:9      | Found a basalt altar of Yredelemnul.
 12042 | D:9      | Found a staircase to the Lair.
 12712 | D:10     | Entered Level 10 of the Dungeon
 13161 | D:10     | Found a staircase to the Orcish Mines.
 13186 | D:10     | Reached XP level 11. HP: 60/60 MP: 11/11
 13458 | D:10     | Paralysed by a giant eyeball for 3 turns
 13464 | D:10     | Paralysed by a giant eyeball for 2 turns
 13964 | D:10     | Noticed a hill giant
 13976 | D:10     | Killed a hill giant
 14263 | D:10     | Noticed Erica
 14289 | D:10     | Killed Erica
 14289 | D:10     | Acquired Okawaru's second power
 14289 | D:10     | Reached skill level 15 in Axes
 14832 | D:11     | Found a labyrinth entrance.
 14842 | Lab      | Entered a labyrinth
 15091 | Lab      | Found an exit through the horrors of the Abyss.
 15469 | Lab      | Killed an unseen horror
 15514 | Lab      | Killed an unseen horror
 15644 | Lab      | Noticed a minotaur
 16419 | Lab      | Killed a minotaur
 17105 | Lab      | Quit the game

Action                   |  1- 3 |  4- 6 |  7- 9 | 10-12 || total
-------------------------+-------+-------+-------+-------++-------
Melee: War axe           |   123 |   127 |    97 |       ||   347
       Hand axe          |       |       |   731 |   858 ||  1589
Throw: Javelin           |       |       |     4 |     8 ||    12
Invok: Heroism           |       |       |       |     5 ||     5
       Finesse           |       |       |       |     1 ||     1
Evoke: Wand              |       |     1 |     8 |    16 ||    25
  Use: Scroll            |     4 |       |    16 |     4 ||    24
       Potion            |       |     3 |     1 |    15 ||    19
 Stab: Confused          |       |       |     1 |       ||     1
       Invisible         |       |       |       |    11 ||    11
